 Dungeon Crawl Stone Soup version 0.31.0-11-ge490571c62 (webtiles) character file.

Game seed: 14537847477856180283

67295 Implojin the Markself (level 14, -7/79 HPs)
             Began as a Deep Elf Monk on Jan 30, 2024.
             Was the Champion of Hepliaklqana.
             Mangled by an orc warlord
             ... wielding a +0 dire flail
              (31 damage)
             ... on level 1 of the Orcish Mines.
             The game lasted 00:52:35 (24309 turns).

Implojin the Markself (Deep Elf Monk)              Turns: 24309, Time: 00:52:35

Health: -7/79      AC: 12    Str: 12    XL:     14   Next: 82%
Magic:  17/22      EV: 27    Int: 22    God:    Hepliaklqana [******]
Gold:   1797       SH:  5    Dex: 17    Spells: 13/13 levels left

rFire   + + .        o - +0 arbalest
rCold   . . .        (shield currently unavailable)
rNeg    . . .        w - +1 leather armour {rF+}
rPois   .            z - +2 helmet {Int+3}
rElec   +            i - +1 cloak
rCorr   .            (no gloves)
SInv    .            P - +1 pair of boots of Past Mistakes {rElec Int+2}
Will    .....        b - amulet of reflection
Stlth   ++           F - ring of protection from fire
HPRegen 0.33/turn    W - +5 ring of evasion
MPRegen 0.18/turn

%: reflection
@: weak-willed, studying Stealth
A: reduced essence
a: Renounce Religion, Recall Ancestor, Ancestor Identity, Transference, Idealise


You were on level 1 of the Orcish Mines.
You worshipped Hepliaklqana.
Hepliaklqana was exalted by your worship.
You visited 3 branches of the dungeon, and saw 20 of its levels.
You also visited: Ossuary and Gauntlet.

You collected 2183 gold pieces.
You spent 386 gold pieces at shops.

Inventory:

Hand Weapons
 o - a +0 arbalest (weapon)
 u - a +4 dagger of speed
 y - the +9 trident of Moderation {protect, Dex+4}
   (You found it on level 5 of the Dungeon)

   Dex+4:     It affects your dexterity (+4).
 C - the +4 shortbow of the Unkillable {flame, Str+5 Int-5}
   (You bought it in a shop on level 1 of the Dungeon)

   Str+5:     It affects your strength (+5).
   Int-5:     It affects your intelligence (-5).
Missiles
 l - 44 poisoned darts
 m - 6 silver javelins
 t - 2 atropa-tipped darts
 v - 3 curare-tipped darts
 E - 5 datura-tipped darts
 Q - 33 boomerangs
 V - 2 throwing nets
Armour
 i - a +1 cloak (worn)
 k - the +3 warlock's mirror {omnireflect}
   (You acquired it on level 7 of the Dungeon)

   Omnireflect: It can block and reflect piercing ranged attacks and magical
   attacks against the wielder's willpower.
 p - a +2 scale mail of willpower
 w - a +1 leather armour of fire resistance (worn)
 z - a +2 helmet of intelligence (worn)
 J - a +0 kite shield
 P - the +1 pair of boots of Past Mistakes (worn) {rElec Int+2}
   (You acquired it on level 7 of the Dungeon)

   Int+2:     It affects your intelligence (+2).
   rElec:     It insulates you from electricity.
 R - a +2 ring mail of willpower
 Z - a +1 robe of cold resistance
Jewellery
 b - an amulet of reflection (around neck)
 F - a ring of protection from fire (left hand)
 W - a +5 ring of evasion (right hand)
 X - a ring of ice
 Y - a ring of fire
Wands
 f - a wand of light (2)
 x - a wand of flame (2)
 K - a wand of charming (20)
 N - a wand of iceblast (16)
 O - a wand of polymorph (7)
 S - a wand of mindburst (7)
Scrolls
 a - a scroll of enchant armour
 e - 4 scrolls of immolation
 j - 2 scrolls of teleportation
 n - 6 scrolls of silence
 r - a scroll of poison
 s - 2 scrolls of brand weapon
 M - a scroll of fear
 T - 2 scrolls of enchant weapon
Potions
 c - a potion of magic
 d - a potion of heal wounds
 g - 7 potions of attraction
 h - 4 potions of curing
 q - a potion of cancellation
 A - 5 potions of brilliance
 B - a potion of might
 D - 4 potions of mutation
 G - a potion of resistance {unknown}
 I - a potion of lignification
 L - 3 potions of enlightenment


   Skills:
 * Level 10.1 Fighting
 - Level 3.0 Short Blades
 - Level 2.0 Polearms
 - Level 18.1 Ranged Weapons
 - Level 6.0 Armour
 - Level 18.0 Dodging
 - Level 2.0 Stealth
 - Level 5.3 Unarmed Combat
 - Level 8.0 Invocations


You had 13 spell levels left.
You didn't know any spells.
Your spell library contained the following spells:

 Spells                   Type           Power      Damage    Failure   Level
 Apportation              Tloc           0%         N/A       21%         1
 Jinxbite                 Hex            0%         N/A       30%         2
 Lesser Beckoning         Tloc           0%         N/A       30%         2
 Call Canine Familiar     Summ           0%         N/A       52%         3
 Gell's Gravitas          Tloc           0%         N/A       52%         3
 Inner Flame              Hex/Fire       0%         N/A       52%         3
 Sigil of Binding         Hex            0%         N/A       52%         3
 Summon Ice Beast         Ice/Summ       0%         N/A       52%         3
 Teleport Other           Tloc           0%         N/A       52%         3
 Dimensional Bullseye     Hex/Tloc       0%         N/A       90%         4
 Vhi's Electric Charge    Tloc/Air       0%         N/A       90%         4
 Alistair's Intoxication  Alch           0%         N/A       99%         5
 Arcjolt                  Conj/Air       0%         1d10      99%         5
 Irradiate                Conj/Alch      0%         3d11      99%         5
 Summon Mana Viper        Hex/Summ       0%         N/A       99%         5
 Plasma Beam              Fire/Air       0%         2x1d10    100%        6
 Monstrous Menagerie      Summ           0%         N/A       100%        7
 Ignition                 Fire           0%         3d3       100%        8


Dungeon Overview and Level Annotations

Branches:
Dungeon (13/15)            Temple (0/1) D:5            Lair (5/5) D:8
  Swamp (0/4) Lair:2       Spider (0/4) Lair:3        Slime (0/5) Lair:5
    Orc (2/2) D:9         Ossuary (visited)         Gauntlet (visited)
    Elf: Orc:2       Vaults: D:13-14

Altars:
Ashenzari
Cheibriados
Fedhas
Gozag
Hepliaklqana
Kikubaaqudgha
Nemelex Xobeh
Qazlal
Ru
Sif Muna
Trog
Wu Jian
Xom
Zin
The Shining One
Jiyva

Shops:
D:1 (   D:10 *

Annotations:
D:11 2 transporters, Esekla's ghost, journeyman OpWn
Lair:2 2 transporters, exclusion: oklob plant, CougarLife's ghost, journeyman MiBe
Lair:3 3 runed translucent doors, exclusion: 3 doors, Strat's ghost, adept AtCj


Message History

The orc warlord is lightly wounded.
The orc warlord is blinded.
The bolt of light hits the orc!!
You kill the orc!
CRAB barely misses the orc warlord.
The orc warlord completely misses you.
Unknown command.
You shoot a bolt.
The bolt closely misses the orc warlord.
CRAB avoids your attack.
The orc warlord roars a battlecry!
You shoot a bolt.
The bolt hits the orc warlord but does no damage.
The orc warlord is lightly wounded.
CRAB hits the orc warlord with a +0 flail!!
The orc warlord hits you with a +0 dire flail.
Danger: Low HP Warning |T2| Reason: 41% HP (33/79)
You shoot a bolt. The bolt barely misses the orc warlord.
CRAB avoids your attack.
CRAB hits the orc warlord but does no damage.
An orc comes into view. It is wielding a +0 hand axe.
You shoot a bolt.
The bolt closely misses the orc warlord.
The orc warlord barely misses you.
CRAB hits the orc with a +0 flail!
The orc dies!
You shoot a bolt. The bolt hits the orc warlord!
The orc warlord is heavily wounded.
The orc warlord hits you with a +0 dire flail!
Danger: Low HP Warning |T3| Reason: 30% HP (24/79) Fire: o) +0 arbalest
Press: ? - help, Q - select action, (/) - cycle Shift-Dir - straight line, f/p - orc warlord
Aim: an orc warlord, wielding a +0 dire flail and wearing a +0 chain mail (heavily wounded, blind, unable to see you, weak-willed, ally target, 75% to hit)
Okay, then.
Fire: o) +0 arbalest
Press: ? - help, Q - select action, (/) - cycle Shift-Dir - straight line, f/p - orc warlord
Aim: an orc warlord, wielding a +0 dire flail and wearing a +0 chain mail (heavily wounded, blind, unable to see you, weak-willed, ally target, 75% to hit)
You shoot a bolt. The bolt hits the orc warlord!!
The orc warlord is severely wounded.
The orc warlord is no longer blind.
CRAB misses the orc.
You block the orc's attack.
The orc closely misses CRAB.
The orc warlord hits you with a +0 dire flail!!
You die...

*o≈≈o# *o≈..# *)≈..#
##.R.## #o.≈..#
#)###.######
#.oo).##...###**#
##..R##......##.#*
#.#...#@.........****
*#.##.)oo..#......**,**
#....#R#..))...#..,,,,*
##....####.#..#...,*,**
###.#####)#).....*******
###.#.........#* **,*
##............# *,,,
##.#...###.$...#* **,*
#.....#.##......** *,,,


You could see the friendly CRAB the knight (weak-willed, idealised), an orc
warlord (weak-willed, ally target) and an orc (strong).

Vanquished Creatures
  Harold (D:11)
  Fannar (Lair:1)
  2 boulder beetles
  A centaur warrior (D:13)
  A hydra (Lair:4)
  4 death yaks
  4 two-headed ogres
  3 skysharks
  2 lindwurms (Lair:5)
  A wolf spider (Lair:5)
  3 cyclopes
  3 ugly things
  5 black mambas
  An orange demon (Lair:2)
  A guardian serpent (Lair:5)
  2 kobold blastminers (Orc:2)
  11 elephants
  3 torpor snails
  12 cane toads
  3 rime drakes
  3 komodo dragons
  3 polar bears
  A wind drake (shapeshifter) (D:13)
  3 hornets
  A troll (D:12)
  7 blink frogs (Lair:4)
  2 slime creatures (Lair:5)
  A spriggan (Lair:3)
  2 vampires
  5 water elementals (D:13)
  9 wyverns
  A wraith (D:12)
  2 wargs (Orc:1)
  42 yaks
  2 basilisks (Lair:2)
  The ghost of yey the Grasshopper, an amateur GnWr (D:3)
  Grum (Lair:1)
  3 steam dragons
  2 vampire mosquitoes (D:12)
  An acid dragon (D:9)
  20 water moccasins
  Duvessa (D:7)
  6 orc warriors
  3 ice beasts
  2 ogres
  14 wolves
  3 centaurs
  2 kobold brigands
  8 bullfrogs
  A scorpion (Lair:3)
  4 wights (D:9)
  10 killer bees
  5 howler monkeys
  10 electric eels
  3 crimson imps (D:6)
  A jelly (D:6)
  7 orc priests
  4 iguanas
  7 orc wizards
  5 hell rats
  A mummy (D:4)
  3 gnolls (D:7)
  4 adders
  A shadow imp (D:6)
  2 dart slugs (D:4)
  6 ribbon worms
  38 orcs
  8 ball pythons
  4 bats
  8 endoplasms
  8 giant cockroaches
  A gnoll zombie (Ossuary)
  6 goblins
  5 hobgoblins
  7 quokkas
  3 frilled lizards
  A hobgoblin zombie (Ossuary)
  19 kobolds
  2 kobold zombies (Ossuary)
  2 orc zombies (Ossuary)
401 creatures vanquished.

Vanquished Creatures (collateral kills)
  A catoblepas (Lair:2)
  A boulder beetle (D:13)
  2 two-headed ogres
  A death yak (Lair:5)
  A fire crab (shapeshifter) (D:12)
  Amaemon (Lair:2)
  An orc sorcerer (Orc:1)
  Maurice (D:7)
  3 elephants
  5 black mambas
  A kobold blastminer (Orc:2)
  A torpor snail (Lair:5)
  An unseen horror (D:10)
  11 cane toads
  4 komodo dragons
  2 trolls
  A blink frog (Lair:4)
  A hornet (Lair:5)
  5 wyverns
  15 yaks
  A wraith (D:11)
  2 vampires
  A yak (shapeshifter) (D:13)
  A redback (Lair:5)
  2 basilisks
  4 water moccasins
  5 ice beasts
  A black bear (D:5)
  5 orc warriors
  2 ogres (Orc:2)
  7 wolves
  5 centaurs
  3 kobold brigands
  4 bullfrogs
  A gnoll sergeant (D:7)
  2 scorpions (D:5)
  A wight (D:9)
  Dowan (D:7)
  2 killer bees
  5 electric eels
  2 bombardier beetles (D:5)
  A hound (D:5)
  An orc priest (D:10)
  An iguana (Lair:2)
  3 orc wizards
  5 gnolls
  An adder (D:4)
  2 ufetubi (D:5)
  30 orcs
  2 goblins (D:4)
  9 kobolds
171 creatures vanquished.

Vanquished Creatures (others)
  10 knights
10 creatures vanquished.

Grand Total: 582 creatures vanquished

Notes
Turn   | Place    | Note
-------+----------+-------------------------------------------
     0 | D:1      | Implojin the Deep Elf Monk began the quest for the Orb.
     0 | D:1      | Reached XP level 1. HP: 13/13 MP: 3/3
    95 | D:1      | Found Nugu's Weapon Shoppe.
    97 | D:1      | Reached skill level 1 in Unarmed Combat
   131 | D:1      | Reached XP level 2. HP: 16/18 MP: 4/4
   893 | D:1      | Reached XP level 3. HP: 20/22 MP: 5/5
  2207 | D:3      | Reached XP level 4. HP: 15/27 MP: 6/6
  2326 | D:3      | Found a runed translucent gate.
  2327 | D:3      | Found a runed translucent gate.
  2327 | D:3      | Noticed yey's ghost (amateur GnWr)
  2328 | D:3      | Found a runed translucent gate.
  2791 | D:4      | Found a sand-covered staircase.
  2803 | Ossuary  | Entered an ossuary
  3112 | D:4      | Found a hazy altar of Hepliaklqana.
  3157 | D:4      | Became a worshipper of Hepliaklqana the Forgotten
  3157 | D:4      | Reached * piety under Hepliaklqana
  3157 | D:4      | Reached ** piety under Hepliaklqana
  3159 | D:4      | Remembered your ancestor CRAB as a knight
  3381 | D:4      | Reached XP level 5. HP: 27/27 MP: 7/7
  3395 | D:4      | Found a shimmering blue altar of Sif Muna.
  3960 | D:4      | Found a sacrificial altar of Ru.
  3960 | D:4      | Found an ancient bone altar of Kikubaaqudgha.
  4095 | D:5      | Entered Level 5 of the Dungeon
  4148 | D:5      | Found a broken altar of Ashenzari.
  4248 | D:5      | Reached skill level 5 in Unarmed Combat
  4248 | D:5      | Reached XP level 6. HP: 32/32 MP: 8/8
  4421 | D:5      | Identified the +9 trident of Moderation {protect, Dex+4}
  4589 | D:5      | Reached skill level 1 in Stealth
  4724 | D:5      | Reached XP level 7. HP: 36/36 MP: 9/9
  4924 | D:5      | Reached skill level 5 in Dodging
  4938 | D:5      | Noticed a steam dragon
  5045 | D:5      | Killed a steam dragon
  5178 | D:5      | Reached *** piety under Hepliaklqana
  5485 | D:5      | Found a staircase to the Ecumenical Temple.
  6149 | D:6      | Reached XP level 8. HP: 43/43 MP: 10/10
  6662 | D:6      | Found a stormy altar of Qazlal.
  6914 | D:6      | Found a shimmering altar of Xom.
  6979 | D:6      | Found an ornate altar of the Wu Jian Council.
  6979 | D:6      | Found an opulent altar of Gozag.
  7052 | D:7      | Noticed Duvessa
  7212 | D:7      | Killed Duvessa
  7260 | D:7      | Noticed Dowan
  7266 | D:7      | Killed Dowan
  7409 | D:7      | Noticed Maurice
  7428 | D:7      | Killed Maurice
  7429 | D:7      | Reached skill level 10 in Dodging
  7429 | D:7      | Reached XP level 9. HP: 46/46 MP: 11/11
  7524 | D:7      | Reached **** piety under Hepliaklqana
  7542 | D:7      | Found a blossoming altar of Fedhas.
  7666 | D:7      | Identified 3 scrolls of acquirement
  7666 | D:7      | Acquired the +3 warlock's mirror {omnireflect}
  7666 | D:7      | Found the +3 warlock's mirror {omnireflect}
  7679 | D:7      | Acquired the +1 pair of boots of Past Mistakes {rElec
                  | Int+2}
  7686 | D:7      | Acquired a manual of Stealth
  7803 | D:7      | Acquired 820 gold pieces
  8142 | D:3      | Killed yey's ghost
  8248 | D:1      | Bought the +4 shortbow of the Unkillable {flame, Str+5
                  | Int-5} for 356 gold pieces
  8429 | D:8      | Noticed a rime drake
  8435 | D:8      | Killed a rime drake
  8436 | D:8      | Reached skill level 5 in Ranged Weapons
  8649 | D:8      | Reached XP level 10. HP: 40/50 MP: 12/12
  8694 | D:8      | Found a staircase to the Lair.
  9005 | D:9      | Found a staircase to the Orcish Mines.
  9235 | D:9      | Reached skill level 10 in Ranged Weapons
  9290 | D:9      | Found a snail-covered altar of Cheibriados.
  9958 | D:9      | Found a sparkling altar of Nemelex Xobeh.
 10127 | D:10     | Entered Level 10 of the Dungeon
 10189 | D:10     | Found Unixualu's CLEARANCE SALE!.
 10228 | D:10     | Bought a scroll of teleportation for 15 gold pieces
 10228 | D:10     | Bought a potion of curing for 15 gold pieces
 10274 | D:10     | Found a glowing golden altar of the Shining One.
 10274 | D:10     | Found a glowing silver altar of Zin.
 10459 | D:10     | Reached XP level 11. HP: 55/55 MP: 13/13
 10770 | D:11     | Reached ***** piety under Hepliaklqana
 10780 | D:11     | Reached skill level 5 in Fighting
 10827 | D:11     | Noticed a two-headed ogre
 10834 | D:11     | Killed a two-headed ogre
 10843 | D:11     | Found a transporter.
 10850 | D:11     | Noticed a deep troll
 10882 | D:11     | Noticed Harold
 10889 | D:11     | Noticed a two-headed ogre
 11111 | D:11     | Killed a two-headed ogre
 11289 | D:11     | Found a transporter.
 11318 | D:11     | Killed Harold
 11341 | D:11     | Found a bloodstained altar of Trog.
 11348 | D:11     | Noticed Esekla's ghost (journeyman OpWn)
 11494 | Lair:1   | Entered Level 1 of the Lair of Beasts
 11848 | Lair:1   | Noticed Fannar
 11955 | Lair:1   | Reached skill level 1 in Invocations
 12165 | Lair:1   | Noticed Grum
 12190 | Lair:1   | Killed Grum
 12202 | Lair:1   | Reached XP level 12. HP: 64/64 MP: 17/17
 12401 | Lair:1   | Reached skill level 5 in Invocations
 12584 | Lair:1   | Killed Fannar
 13820 | Lair:2   | Found a transporter.
 13821 | Lair:2   | Noticed CougarLife's ghost (journeyman MiBe)
 13932 | Lair:2   | Found a transporter.
 14007 | Lair:2   | Noticed Amaemon
 14031 | Lair:2   | Killed Amaemon
 14043 | Lair:2   | Reached skill level 15 in Ranged Weapons
 14145 | Lair:2   | Noticed a catoblepas
 14222 | Lair:2   | Found a staircase to the Swamp.
 14638 | Lair:2   | Killed a catoblepas
 15053 | Lair:3   | Reached XP level 13. HP: 43/70 MP: 21/21
 15108 | Lair:3   | Found a gate leading to a gauntlet.
 15147 | Gauntlet | Entered a Gauntlet
 15147 | Gauntlet | Found a transporter.
 15147 | Gauntlet | Found a transporter.
 15154 | Gauntlet | Found a transporter.
 15154 | Gauntlet | Found a large runed translucent door.
 15155 | Gauntlet | Found a large runed translucent door.
 15156 | Gauntlet | Found a large runed translucent door.
 15156 | Gauntlet | Found a large runed translucent door.
 15156 | Gauntlet | Found a runed translucent door.
 15157 | Gauntlet | Found a large runed translucent door.
 15164 | Gauntlet | Found a transporter.
 15173 | Gauntlet | Found a transporter.
 15180 | Gauntlet | Found a transporter.
 15188 | Gauntlet | Found a transporter.
 15201 | Gauntlet | Found a large runed translucent door.
 15202 | Gauntlet | Found a large runed translucent door.
 15203 | Gauntlet | Found a large runed translucent door.
 15204 | Gauntlet | Found a runed translucent gate.
 15227 | Gauntlet | Found a transporter.
 15256 | Gauntlet | Found a transporter.
 15312 | Gauntlet | Found a transporter.
 15314 | Gauntlet | Found a transporter.
 15316 | Gauntlet | Found a large runed translucent door.
 15317 | Gauntlet | Found a large runed translucent door.
 15318 | Gauntlet | Found a large runed translucent door.
 15318 | Gauntlet | Found a large runed translucent door.
 15318 | Gauntlet | Found a runed translucent door.
 15319 | Gauntlet | Found a large runed translucent door.
 15322 | Gauntlet | Found a large runed translucent door.
 15323 | Gauntlet | Found a large runed translucent door.
 15323 | Gauntlet | Found a large runed translucent door.
 15326 | Gauntlet | Found a runed translucent gate.
 15326 | Gauntlet | Found a runed translucent gate.
 15328 | Gauntlet | Found a transporter.
 15514 | Gauntlet | Identified the +0 helmet "Xosmiuno" {Str+3}
 15772 | Lair:3   | Found a runed translucent gate.
 15774 | Lair:3   | Found a runed translucent gate.
 15775 | Lair:3   | Found a runed translucent gate.
 15778 | Lair:3   | Noticed a minotaur
 15780 | Lair:3   | Noticed Strat's ghost (adept AtCj)
 15859 | Lair:3   | Found a hole to the Spider Nest.
 16829 | Lair:4   | Found a stormy altar of Qazlal.
 16994 | Lair:4   | Reached skill level 10 in Fighting
 17001 | Lair:4   | Reached skill level 1 in Armour
 17513 | Lair:4   | Reached ****** piety under Hepliaklqana
 17731 | Lair:5   | Entered Level 5 of the Lair of Beasts
 17905 | Lair:5   | Reached skill level 5 in Armour
 18308 | Lair:4   | HP: 3/73 [death yak (21)]
 18826 | Lair:4   | Found a stormy altar of Qazlal.
 19743 | Lair:5   | Reached XP level 14. HP: 79/79 MP: 22/22
 19795 | Lair:5   | Reached skill level 15 in Dodging
 20499 | Lair:5   | Found a runed translucent door.
 20499 | Lair:5   | Found a viscous altar of Jiyva.
 20499 | Lair:5   | Found a staircase to the Slime Pits.
 21105 | Lair:5   | Found a runed translucent door.
 21105 | Lair:5   | Found a viscous altar of Jiyva.
 21105 | Lair:5   | Found a staircase to the Slime Pits.
 23935 | Orc:1    | Entered Level 1 of the Orcish Mines
 23994 | Orc:2    | Entered Level 2 of the Orcish Mines
 24284 | Orc:1    | Noticed an orc warlord
 24309 | Orc:1    | Mangled by an orc warlord

Illustrated notes

Levels and vault maps discovered:
D:1:      shiori_arrival_elements, layout_basic, serial_shops,
          nicolae_shop_tiny_glass, minmay_misc_feat_tower, nicolae_wormholes
D:2:      layout_rooms
D:3:      layout_basic, ebering_ghost_rock_garden
D:4:      layout_loops_ring, mainiacjoe_overflow_divided_tiny,
          old_standard_altar, amcnicky_altar_gilded,
          lightli_ossuary_entry_decrepit_ruins, minmay_hedge_maze
D:5:      layout_basic, ashenzari_conservatory_becter, minmay_temple_entry_hall,
          minmay_strange_pillars
D:6:      layout_basic, lemuel_coloured_pillars_altar, led_xom_imps,
          gammafunk_temple_overflow_pools, serial_rivers,
          chequers_serial_rivers_micro_a, chequers_serial_rivers_small_b,
          chequers_serial_rivers_small_b, chequers_serial_rivers_marsh,
          chequers_serial_rivers_large_a, chequers_decorated_corner,
          hangedman_abyss_or_decor_lesser_grid, minmay_door_square,
          minivault_14, nicolae_water_bricks, minivault_4
D:7:      layout_rooms, fedhas_altar_fruit_tree, uniq_duvessa, uniq_maurice
D:8:      layout_cave_pools, hellmonk_lair_entry_icy
D:9:      layout_roguey, nemelex_spade_bored_becter,
          mainiacjoe_overflow_chevrons, david_orc_2, dreamdust_mushroom_princess
D:10:     layout_cross, gammafunk_temple_overflow_wave, nicolae_shop_clearance
D:11:     layout_cave_pools, gammafunk_ghost_wrathful_warriors, uniq_harold
D:12:     layout_irregular_city, minmay_misc_feat_columns,
          minmay_misc_feat_plants
D:13:     layout_basic, david_vaults_4
Lair:1:   layout_loops_ring, st_stairs_10, serial_bayou_lake_a,
          serial_bayou_shore_b, serial_bayou_shore_a, uniq_fannar, uniq_grum
Lair:2:   layout_regular_city, minmay_swamp_entry_reptiles, nzn_ghost_randoct,
          disabler_island, uniq_amaemon
Lair:3:   layout_chaotic_city, nicolae_spider_entry_non_spiders,
          maelrawn_ghost_gauntlet_escape, gauntlet_entry_generic,
          chequers_serial_rivers_micro_e, chequers_serial_rivers_small_b,
          serial_bayou_pond_b, wad_woods_03, serial_bayou_shore_b
Lair:4:   layout_gridlike, pdpol_lair_neglected_garden, lemuel_altar_in_water2,
          serial_bayou_pond_e, lemuel_fruit_tree
Lair:5:   hangedman_lair_tendril_chambers, layout_long_grid, slime_entry_2,
          nicolae_lair_lindhole
Orc:1:    layout_caves, nicolae_volcano_entry_vermiform, uniq_gastronok
Orc:2:    pubby_orc_utopia

Skill      XL: |  1  2  3  4  5  6  7  8  9 10 11 12 13 14 |
---------------+-------------------------------------------+-----
Unarmed Combat | 1 2 3 4 5 |  5.3
Fighting       | 3 4 7 10 | 10.1
Stealth        | 2 |  2.0
Dodging        | 4 5 10 12 14 18 | 18.0
Polearms       | 2 |  2.0
Ranged Weapons | 8 14 17 18 | 18.1
Invocations    | 4 8 |  8.0
Armour         | 6 |  6.0
Short Blades   | |  3.0

Action                     |  1- 3 |  4- 6 |  7- 9 | 10-12 | 13-15 || total
---------------------------+-------+-------+-------+-------+-------++-------
  Melee: Short sword       |   198 |    13 |       |       |       ||   211
         Unarmed           |       |    97 |       |       |       ||    97
         Dagger            |       |    11 |       |       |       ||    11
         Trident           |       |     3 |    93 |       |       ||    96
         Shortbow          |       |       |       |       |     2 ||     2
   Fire: Shortbow          |       |       |    65 |   772 |  1141 ||  1978
         Arbalest          |       |       |       |       |    10 ||    10
  Throw: Stone             |     1 |    10 |       |       |       ||    11
         Throwing net      |       |       |       |     2 |       ||     2
 Invoke: Ancestor Identity |       |     2 |       |       |       ||     2
         Ancestor Life: Kn |       |     1 |       |       |       ||     1
         Recall Ancestor   |       |     1 |     2 |     4 |    11 ||    18
         Idealise          |       |       |       |     3 |     7 ||    10
         Transference      |       |       |       |       |     1 ||     1
  Evoke: Wand              |       |       |       |     7 |     4 ||    11
    Use: Potion            |     1 |       |       |     5 |    13 ||    19
         Scroll            |     2 |     2 |     6 |    21 |     7 ||    38
   Stab: Distracted        |       |       |     2 |       |       ||     2
 Armour: Robe              |    84 |       |       |       |       ||    84
         Leather armour    |     6 |    22 |    12 |   125 |   134 ||   299
         Ring mail         |       |    44 |    38 |       |       ||    82
  Dodge: Dodged            |   105 |    75 |    41 |   192 |   313 ||   726
  Block: Reflection        |       |       |     1 |       |     4 ||     5
         Buckler           |       |       |     1 |       |       ||     1
         Other             |       |       |       |       |    59 ||    59
